 Dungeon Crawl Stone Soup version 0.21-a0-270-g8204059 (webtiles) character file.

13643 Atlas the Covert (level 12, 0/56 HPs)
             Began as a Vine Stalker Assassin on Sept 14, 2017.
             Was a High Priest of Okawaru.
             Slain by an eight-headed hydra (1 damage)
             ... on level 12 of the Dungeon.
             The game lasted 00:18:23 (10147 turns).

Atlas the Covert (Vine Stalker Assassin)           Turns: 10147, Time: 00:18:23

Health: 0/56       AC: 11    Str: 16    XL:     12   Next: 8%
Magic:  0/15       EV: 17    Int: 15    God:    Okawaru [*****.]
Gold:   462        SH:  6    Dex: 21    Spells: 11/11 levels left

rFire    . . .     SeeInvis .   x - +2 dagger (elec)
rCold    . . .     Gourm    .   y - +0 buckler
rNeg     . . .     Faith    .   f - +0 leather armour
rPois    .         Spirit   +   (helmet restricted)
rElec    .         Reflect  .   I - +2 cloak
rCorr    .         Harm     .   l - +0 pair of gloves
MR       ++...                  p - +0 pair of boots
Stlth    +++++.....             F - amulet of rage
HPRegen  0.98/turn              H - ring of flight
MPRegen  0.14/turn              v - +2 ring of slaying

@: no status effects
A: fangs 3, horns 1, slimy green scales 1, clever 2, frail 1, magic resistance
1, regeneration 2, strong 1, evolution 2, magic shield, antimagic bite, no
potion heal 3, rot immunity
a: Heroism, Finesse, Renounce Religion, Evoke Berserk Rage, Evoke Flight


You were on level 12 of the Dungeon.
You worshipped Okawaru.
Okawaru was extremely pleased with you.
You were not hungry.

You visited 2 branches of the dungeon, and saw 13 of its levels.

You collected 514 gold pieces.
You spent 52 gold pieces at shops.

Inventory:

Hand Weapons
 b - a +0 blowgun
 x - a +2 dagger of electrocution (weapon)
Missiles
 a - a curare-tipped needle
 e - 56 poisoned needles
Armour
 f - a +0 leather armour (worn)
 l - a +0 pair of gloves (worn)
 p - a +0 pair of boots (worn)
 y - a +0 buckler (worn)
 I - a +2 cloak (worn)
Jewellery
 m - a +3 ring of intelligence
 v - a +2 ring of slaying (right hand)
 F - an amulet of rage (around neck)
 H - a ring of flight (left hand)
Wands
 t - a wand of flame (30/48)
 u - a wand of flame (8/48)
 z - a wand of polymorph (19/24)
 A - a wand of lightning (5/15)
 C - a wand of flame (11/48)
 M - a wand of polymorph (16/24)
Scrolls
 c - 6 scrolls of teleportation
 k - 7 scrolls of remove curse
 n - 2 scrolls of recharging
 s - a scroll of random uselessness {unknown}
 B - a scroll of fog {unknown}
 D - a scroll of blinking
 E - 2 scrolls of amnesia {unknown}
 J - a scroll of enchant weapon
 O - a scroll of torment {unknown}
Potions
 i - a potion of brilliance
 q - 2 potions of resistance
 G - 3 potions of might
 K - a potion of berserk rage
 L - 2 potions of magic
 N - a potion of agility {unknown}
 P - a potion of ambrosia {unknown}
 Q - 2 potions of curing
Miscellaneous
 h - a phantom mirror
Comestibles
 g - 10 bread rations
 j - 6 fruits
 o - 2 meat rations
 r - 2 royal jellies


   Skills:
 + Level 7.1 Fighting
 + Level 8.7 Short Blades
 + Level 5.7 Throwing
 + Level 4.0 Armour
 + Level 6.4 Dodging
 + Level 11.9 Stealth
 - Level 4.0 Shields
 + Level 1.0 Invocations
 + Level 2.7 Evocations


You had 11 spell levels left.
You didn't know any spells.

Dungeon Overview and Level Annotations

Branches:
Dungeon (12/15)            Temple (1/1) D:7            Lair (0/6) D:9
    Orc (0/2) D:11

Altars:
Ashenzari
Cheibriados
Dithmenos
Elyvilon
Fedhas
Gozag
Hepliaklqana
Kikubaaqudgha
Makhleb
Nemelex Xobeh
Okawaru
Qazlal
Ru
Sif Muna
Trog
Uskayaw
Vehumet
Wu Jian
Xom
Yredelemnul
Zin
The Shining One

Shops:
D:4 *   D:8 }   D:10 =


Innate Abilities, Weirdness & Mutations

You have razor-sharp teeth.
You heal very quickly.
When hurt, damage is shared between your health and your magic reserves.
Your bite disrupts and absorbs the magic of your enemies.
Potions cannot restore your health.
You are immune to rotting.
You have a pair of small horns on your head.
You are partially covered in slimy green scales. (AC +2)
Your mind is very acute. (Int +4)
You are frail. (-10% HP)
You are resistant to hostile enchantments. (MR+)
Your muscles are strong. (Str +2)
You rapidly evolve.


Message History

The eight-headed hydra misses you. The yak gores you.
There is a stone staircase leading up, spattered with blood here.
Okay, then.
Unknown command.
Unknown command.
Unknown command.
Unknown command.
Unknown command.
Unknown command.
Unknown command.
The yak completely misses you. The eight-headed hydra bites you! x2
The eight-headed hydra barely misses you.
The eight-headed hydra bites you!
* * * LOW HITPOINT WARNING * * *
The eight-headed hydra barely misses you.
The eight-headed hydra closely misses you.
The eight-headed hydra bites you!
* * * LOW HITPOINT WARNING * * *
The eight-headed hydra bites you.
You die...

... .[.. ##
.... .# .....
.# .....####.#
#
......>...#..#
.......Y...Y.#
......DY###..#
###...#@# #
..... #Y# ##..
#.# .# ... #.#
. .. #.# ###.
. ..# ... ###
.# .#


You could see an eight-headed hydra and 3 yaks.

Vanquished Creatures
  2 two-headed ogres
  4 death yaks
  An ugly thing (D:11)
  A centaur skeleton (D:11)
  A hippogriff (D:11)
  Sigmund (D:5)
  23 yaks
  A spriggan (D:10)
  A wyvern (D:9)
  2 hungry ghosts
  A soldier ant (D:10)
  6 orc warriors
  An ice beast (D:7)
  7 sky beasts
  A necrophage (D:8)
  3 ogres
  3 centaurs
  9 bullfrogs
  A water moccasin zombie (D:6)
  6 scorpions
  6 killer bees (D:11)
  3 wights (D:10)
  4 howler monkeys
  4 crimson imps
  A centaur zombie (D:7)
  A bullfrog zombie (D:11)
  14 orc wizards
  7 orc priests
  7 hounds
  A bullfrog skeleton (D:7)
  Terence (D:2)
  2 iguanas
  7 worker ants
  2 hound zombies
  A hound skeleton (D:11)
  A worker ant zombie (D:8)
  11 adders
  2 shadow imps
  An ooze (D:4)
  2 adder skeletons
  2 worms (D:2)
  2 dart slugs (D:1)
  2 leopard geckos
  47 orcs
  4 giant cockroaches
  5 goblins
  4 hobgoblins
  18 jackals
  3 quokkas
  7 bats
  2 frilled lizards
  4 kobolds
  A leopard gecko skeleton (D:8)
  8 rats
262 creatures vanquished.

Notes
Turn   | Place    | Note
-------+----------+-------------------------------------------
     0 | D:1      | Atlas the Vine Stalker Assassin began the quest for the Orb.
     0 | D:1      | Reached XP level 1. HP: 11/11 MP: 2/2
    84 | D:1      | Reached skill level 5 in Stealth
   250 | D:1      | Reached XP level 2. HP: 7/15 MP: 3/3
   875 | D:1      | Reached XP level 3. HP: 9/18 MP: 4/4
  1426 | D:2      | Found a faded altar of an unknown god.
  1712 | D:2      | Reached skill level 6 in Stealth
  1724 | D:2      | Noticed Terence
  1737 | D:2      | Killed Terence
  1737 | D:2      | Reached skill level 1 in Dodging
  1737 | D:2      | Gained mutation: Your natural rate of healing is unusually fast. [Vine Stalker growth]
  1737 | D:2      | Reached XP level 4. HP: 14/23 MP: 3/5
  1827 | D:2      | Found a blossoming altar of Fedhas.
  2683 | D:3      | Reached XP level 5. HP: 27/27 MP: 6/6
  3308 | D:4      | Found Satteot's General Store.
  3320 | D:4      | Bought a scroll of identify for 26 gold pieces
  3320 | D:4      | Bought a scroll of identify for 26 gold pieces
  3324 | D:4      | Gained mutation: You have a pair of small horns on your head. [potion of mutation]
  3324 | D:4      | Gained mutation: Your mind is acute. (Int +2) [potion of mutation]
  3413 | D:4      | Noticed an ogre
  3415 | D:4      | Killed an ogre
  3415 | D:4      | Reached XP level 6. HP: 32/32 MP: 7/7
  3469 | D:4      | Noticed a hungry ghost
  3472 | D:4      | Killed a hungry ghost
  3472 | D:4      | Reached skill level 1 in Armour
  3472 | D:4      | Reached skill level 7 in Stealth
  3668 | D:5      | Entered Level 5 of the Dungeon
  3682 | D:5      | Reached XP level 7. HP: 35/35 MP: 8/8
  4105 | D:5      | Reached skill level 8 in Stealth
  4249 | D:5      | Reached skill level 1 in Shields
  4269 | D:5      | Noticed Sigmund
  4281 | D:5      | Killed Sigmund
  4281 | D:5      | Gained mutation: You have razor-sharp teeth. [Vine Stalker growth]
  4281 | D:5      | Reached XP level 8. HP: 40/40 MP: 9/9
  4433 | D:5      | Found a faded altar of an unknown god.
  4433 | D:5      | Found a hide-covered altar of Uskayaw.
  4438 | D:5      | Found an opulent altar of Gozag.
  4440 | D:5      | Found a basalt altar of Yredelemnul.
  4442 | D:5      | Found a white marble altar of Elyvilon.
  4671 | D:6      | Reached skill level 5 in Short Blades
  4926 | D:6      | Reached skill level 1 in Evocations
  4926 | D:6      | Reached XP level 9. HP: 38/45 MP: 10/10
  5164 | D:6      | Found a shattered altar of Ashenzari.
  5211 | D:7      | Lost mutation: Your mind is acute. (Int +2) [mutagenic meat]
  5212 | D:7      | Gained mutation: You are frail. (-10% HP) [mutagenic meat]
  5213 | D:7      | Gained mutation: You are partially covered in slimy green scales. (AC +2) [mutagenic meat]
  5215 | D:7      | Gained mutation: You have a pair of horns on your head. [mutagenic meat]
  5216 | D:7      | Gained mutation: You have a pair of large horns on your head. [mutagenic meat]
  5233 | D:7      | Lost mutation: You are frail. (-10% HP) [mutagenic meat]
  5528 | D:7      | Found a staircase to the Ecumenical Temple.
  5536 | Temple   | Entered the Ecumenical Temple
  5695 | Temple   | Became a worshipper of Warmaster Okawaru
  5810 | D:7      | Gained mutation: Your mind is acute. (Int +2) [mutagenic meat]
  5811 | D:7      | Gained mutation: You are clumsy. (Dex -2) [mutagenic meat]
  5812 | D:7      | Lost mutation: You are clumsy. (Dex -2) [mutagenic meat]
  5814 | D:7      | Gained mutation: You evolve. [mutagenic meat]
  5815 | D:7      | Gained mutation: You occasionally shout uncontrollably at your foes. [mutagenic meat]
  5931 | D:7      | Lost mutation: You occasionally shout uncontrollably at your foes. [potion of mutation]
  5931 | D:7      | Lost mutation: You have a pair of large horns on your head. [potion of mutation]
  5931 | D:7      | Gained mutation: Your mind is very acute. (Int +4) [potion of mutation]
  6021 | D:8      | Reached * piety under Okawaru
  6021 | D:8      | Reached skill level 9 in Stealth
  6044 | D:8      | Reached skill level 5 in Dodging
  6070 | D:8      | Noticed a two-headed ogre
  6124 | D:7      | Found an iron altar of Okawaru.
  6239 | D:8      | Killed a two-headed ogre
  6239 | D:8      | Reached XP level 10. HP: 40/51 MP: 10/12
  6291 | D:8      | Found a deep blue altar of Sif Muna.
  6302 | D:8      | Found an ancient bone altar of Kikubaaqudgha.
  6313 | D:8      | Found a radiant altar of Vehumet.
  6449 | D:8      | Found Ewnekeff's Gadget Shoppe.
  6674 | D:9      | Noticed a death yak
  6675 | D:9      | Noticed a death yak
  6711 | D:9      | Killed a death yak
  6711 | D:9      | Reached ** piety under Okawaru
  6711 | D:9      | Reached skill level 5 in Fighting
  6756 | D:9      | Noticed a death yak
  6756 | D:9      | Noticed a death yak
  6764 | D:9      | Noticed a death yak
  6766 | D:9      | Noticed a death yak
  6767 | D:9      | Noticed a death yak
  6851 | D:9      | Found a staircase to the Lair.
  6993 | D:9      | Reached skill level 10 in Stealth
  7069 | D:9      | Reached *** piety under Okawaru
  7272 | D:9      | Noticed a death yak
  7307 | D:8      | Killed a death yak
  7538 | D:9      | Got an ominously black robe
  7584 | D:9      | Killed a death yak
  7584 | D:9      | Reached **** piety under Okawaru
  7584 | D:9      | Reached skill level 5 in Throwing
  7584 | D:9      | Reached XP level 11. HP: 56/56 MP: 13/13
  8010 | D:9      | Identified the cursed +0 robe of Ethics {rElec rN+} (You found it on level 9 of the Dungeon)
  8039 | D:10     | Entered Level 10 of the Dungeon
  8544 | D:10     | Found Imynoera's Jewellery Boutique.
  8566 | D:10     | Reached skill level 1 in Invocations
  8725 | D:10     | Reached skill level 11 in Stealth
  8837 | D:10     | Reached ***** piety under Okawaru
  8879 | D:10     | Noticed a two-headed ogre
  8892 | D:10     | Killed a two-headed ogre
  8952 | D:11     | Noticed a red ugly thing
  8964 | D:11     | Killed a red ugly thing
  8967 | D:11     | Gained mutation: You are resistant to hostile enchantments. (MR+) [mutagenic meat]
  9031 | D:11     | Gained mutation: You rapidly evolve. [evolution]
  9077 | D:11     | Gained mutation: You are frail. (-10% HP) [mutagenic meat]
  9078 | D:11     | Gained mutation: Your muscles are strong. (Str +2) [mutagenic meat]
  9081 | D:11     | Lost mutation: You have a pair of horns on your head. [mutagenic meat]
  9105 | D:11     | Found a deep blue altar of Sif Muna.
  9311 | D:11     | Found a staircase to the Orcish Mines.
  9346 | D:11     | Killed a death yak
  9544 | D:11     | Gained mutation: You heal very quickly. [Vine Stalker growth]
  9544 | D:11     | Reached XP level 12. HP: 45/56 MP: 15/15
 10119 | D:12     | Noticed an eight-headed hydra
 10147 | D:12     | HP: 1/56 [eight-headed hydra (12)]
 10147 | D:12     | Slain by an eight-headed hydra

Vault maps used:
D:1:      minmay_arrival_stair_chambers, serial_bayou_lake_a
D:2:      lemuel_doored_altar, chequers_ecumenical_altar_island, first_bread,
          corexii_shack, uniq_terence
D:4:      serial_shops, shop
D:5:      chequers_temple_overflow_minitemple, uniq_sigmund
D:6:      basic_altar
D:7:      lemuel_upstairs_altar, minmay_temple_entry_statues
D:8:      palyth_temple_overflow_mages, serial_shops, kennysheep_little_box
D:9:      dpeg_lair_monsters
D:10:     serial_shops, shop, the_bakery, eino_small_chamber_without_monster
D:11:     orc_0_dummy, led_sif_book
D:12:     hangedman_cross_stitches, serial_shops, shop, nicolae_shop_stone,
          shop, shop, enter_bailey_3
Temple:   dpeg_chambers_temple

Skill      XL: |  1  2  3  4  5  6  7  8  9 10 11 |
---------------+----------------------------------+-----
Stealth        | 5 6 7 8 9 10 11 | 11.9
Fighting       | 2 3 4 5 7 |  7.1
Short Blades   | 2 3 4 5 6 7 8 |  8.7
Dodging        | 1 2 4 5 6 |  6.4
Throwing       | 2 5 |  5.7
Armour         | 1 2 3 4 |  4.0
Shields        | 1 2 3 4 |  4.0
Evocations     | 1 2 |  2.7
Invocations    | 1 |  1.0

Action                   |  1- 3 |  4- 6 |  7- 9 | 10-12 || total
-------------------------+-------+-------+-------+-------++-------
Melee: Dagger            |   100 |    77 |   323 |   368 ||   868
       Bite              |    24 |    20 |    95 |   134 ||   273
       Headbutt          |       |       |    59 |    87 ||   146
 Fire: Blowgun           |     2 |     1 |     8 |    21 ||    32
Invok: Heroism           |       |       |       |     2 ||     2
 Abil: Evoke Berserk Rag |       |       |       |     2 ||     2
Evoke: Wand              |       |       |     9 |     5 ||    14
  Use: Scroll            |     1 |     4 |     3 |     9 ||    17
       Potion            |       |     1 |     4 |       ||     5
 Stab: Sleeping          |     6 |    14 |     7 |    12 ||    39
       Distracted        |       |     1 |     1 |     3 ||     5
  Eat: Chunk             |     3 |     6 |    22 |    10 ||    41
       Bread ration      |       |       |       |     3 ||     3
Armor: Robe              |    44 |     3 |       |       ||    47
       Leather armour    |       |    14 |    46 |    47 ||   107
       Skin              |       |       |    31 |       ||    31
Dodge: Dodged            |    76 |    25 |   152 |   132 ||   385
Block: Buckler           |       |       |    64 |    69 ||   133

Table legend:
 A = Spawn XP
 B = Non-spawn XP
 C = Spawn XP percentage of total XP
 D = Spawn monster count
 E = Non-spawn monster count
 F = Spawn count percentage of total count
 G = Total turns spent on level
                    A         B        C        D         E        F      G
               +---------+---------+-------+---------+---------+-------+---------
         Total |       0 |   19490 |   0.0 |       0 |     262 |   0.0 | 10147
               +---------+---------+-------+---------+---------+-------+---------
           D:1 |       0 |      36 |   0.0 |       0 |      20 |   0.0 |  1236
           D:2 |       0 |     110 |   0.0 |       0 |      14 |   0.0 |  1165
           D:3 |       0 |      32 |   0.0 |       0 |      12 |   0.0 |   575
           D:4 |       0 |     439 |   0.0 |       0 |      19 |   0.0 |   833
           D:5 |       0 |     859 |   0.0 |       0 |      15 |   0.0 |   708
           D:6 |       0 |    1055 |   0.0 |       0 |      26 |   0.0 |   687
           D:7 |       0 |     914 |   0.0 |       0 |      17 |   0.0 |   626
           D:8 |       0 |    3040 |   0.0 |       0 |      24 |   0.0 |   775
           D:9 |       0 |    3787 |   0.0 |       0 |      31 |   0.0 |  1219
          D:10 |       0 |    4320 |   0.0 |       0 |      40 |   0.0 |   897
          D:11 |       0 |    4883 |   0.0 |       0 |      39 |   0.0 |  1173
          D:12 |       0 |      15 |   0.0 |       0 |       5 |   0.0 |    23
               +---------+---------+-------+---------+---------+-------+---------
